 Dungeon Sprint DCSS version 0.19-a0-1834-g6b7851e (webtiles) character file.

10918 wazuzu the Unseen (level 11, -2/64 HPs)
             Began as a Vine Stalker Gladiator on Oct 9, 2016.
             Was a Follower of Uskayaw.
             Slain by a sixfirhy (4 damage)
             ... summoned by an orc high priest
             ... in the Dungeon (Sprint IX: "|||||||||||||||||||||||||||||").
             The game lasted 00:05:49 (1137 turns).

wazuzu the Unseen (Vine Stalker Gladiator)          Turns: 1137, Time: 00:05:52

Health: -2/64      AC: 17    Str: 18    XL:     11   Next: 69%
Magic:  0/21       EV: 19    Int:  8    God:    Uskayaw [*.....]
Gold:   72         SH:  0    Dex: 21    Spells: 0 memorised, 10 levels left

rFire  . . .     SeeInvis .     p - +4 rapier (drain)
rCold  . . .     Gourm    .     d - +2 ring mail
rNeg   . . .     Faith    .     (no shield)
rPois  .         Spirit   +     c - +2 helmet
rElec  .         Dismiss  .     (no cloak)
rCorr  .         Reflect  .     x - +0 pair of gloves
MR     +....     Harm     .     a - +0 pair of boots
Stlth  ++++++.... NoTele   +    (no amulet)
                                r - +2 ring of protection
                                q - +3 ring of dexterity

@: hasted, very quick
A: fangs 3, regeneration 1, magic shield, antimagic bite, no device heal 3, rot
immunity
a: Stomp, Renounce Religion


You were in the Dungeon.
You worshipped Uskayaw.
Uskayaw was pleased with you.
You were hungry.

You visited 1 branch You collected 72 gold pieces.

Inventory:

Hand Weapons
 p - a +4 rapier of draining (weapon)
Armour
 a - a +0 pair of boots (worn)
 c - a +2 helmet (worn)
 d - a +2 ring mail (worn)
 x - a +0 pair of gloves (worn)
Jewellery
 q - a +3 ring of dexterity (left hand)
 r - a +2 ring of protection (right hand)
Wands
 o - a wand of lightning (7/15)
Scrolls
 k - 2 scrolls of blinking
 m - 3 scrolls of remove curse
 n - 2 scrolls of amnesia
 u - 2 scrolls of identify
 v - a scroll of recharging
 w - a scroll of fog
Potions
 b - a potion of might
 e - 6 potions of curing
 g - 7 potions of heal wounds
 h - a potion of haste
 i - 4 potions of magic
 j - a potion of invisibility
 l - a potion of cure mutation
Comestibles
 f - 13 bread rations
 s - 14 meat rations
 t - 40 fruits


   Skills:
 + Level 10.5 Fighting
 + Level 10.9 Short Blades
 - Level 1.7 Throwing
 + Level 8.9 Armour
 + Level 10.0 Dodging
 + Level 15.9 Stealth
 * Level 13.1 Invocations


You had 10 spell levels left.
You didn't know any spells.

Dungeon Overview and Level Annotations

Branches:
Dungeon (1/1)

Altars:
Cheibriados
Dithmenos
Elyvilon
Fedhas
Gozag
Hepliaklqana
Kikubaaqudgha
Makhleb
Nemelex Xobeh
Okawaru
Qazlal
Ru
Sif Muna
Trog
Uskayaw
Vehumet
Xom
Yredelemnul
Zin
The Shining One
Beogh
Jiyva
Lugonu

Shops:
D [(:?


Innate Abilities, Weirdness & Mutations

You have razor-sharp teeth.
Your natural rate of healing is unusually fast.
When hurt, damage is shared between your health and your magic reserves.
Your bite disrupts and absorbs the magic of your enemies.
Potions and wands cannot restore your health.
You are immune to rotting.


Message History

The sixfirhy shocks you! The sixfirhy completely misses you.
The orc high priest mumbles some strange prayers to Beogh.
You closely miss the sixfirhy.
The sixfirhy is heavily wounded.
The sixfirhy hits you.
* * * LOW HITPOINT WARNING * * *
The sixfirhy shocks you!
* * * LOW HITPOINT WARNING * * *
You closely miss the sixfirhy. Your bite misses the sixfirhy.
The sixfirhy is moderately wounded.
You hit the sixfirhy. You bite the sixfirhy! You drain its power.
The sixfirhy is severely wounded.
The orc sorcerer casts a spell.
You feel yourself speed up. The sixfirhy hits you.
* * * LOW HITPOINT WARNING * * *
The sixfirhy shocks you!
* * * LOW HITPOINT WARNING * * *
The orc sorcerer casts a spell.
The sixfirhy hits you.
You die...

▓)▓.▓.▓.▓.▓
▓)▓.▓.▓.▓.▓
▓)▓.▓†▓.▓|▓
▓)▓.▓.▓.▓(▓
▓∩▓)▓.▓.▓[▓
▓)▓.▓.▓.▓.▓
▓∩▓.▓.▓.▓.▓
▓.▓.▓.▓.▓.▓
▓@▓.▓.▓.▓[▓
▓3▓.▓.▓.▓'▓
▓4▓.▓.▓.▓)▓
▓o▓.▓.▓.▓.▓
▓4▓.▓'▓.▓.▓
▓o▓.▓.▓.▓.▓
▓o▓.▓.▓.▓.▓
▓o▓.▓[▓.▓.▓
▓.▓.▓.▓'▓


You could see an orc knight, an orc high priest, a hellwing, a sixfirhy, a chaos
spawn, an orc sorcerer and an orc.

Vanquished Creatures
  2 hydras (D)
  An orc high priest (D)
  An orc knight (D)
  5 orc sorcerers (D)
  Joseph (D)
  A gargoyle (D)
  3 spiny frogs (D)
  A komodo dragon (D)
  A rime drake (shapeshifter) (D)
  6 polar bears (D)
  A hornet (shapeshifter) (D)
  A hippogriff (D)
  Eustachio (D)
  A yak (D)
  2 water moccasins (D)
  8 orc warriors (D)
  4 porcupines (D)
  2 black bears (D)
  An ogre (D)
  A wolf (D)
  2 crocodiles (D)
  3 bullfrogs (D)
  2 scorpions (D)
  A howler monkey (D)
  A crimson imp (D)
  A hound (D)
  5 orc priests (D)
  5 orc wizards (D)
  An iguana (D)
  3 worker ants (D)
  An adder (D)
  2 leopard geckos (D)
  9 orcs (D)
  A bat (D)
  A giant cockroach (D)
  A jackal skeleton (D)
  A rat (D)
84 creatures vanquished.

Notes
Turn   | Place    | Note
-------+----------+-------------------------------------------
     0 | D        | wazuzu the Vine Stalker Gladiator began the quest for the Orb.
     0 | D        | Reached XP level 1. HP: 11/11 MP: 2/2
     5 | D        | Reached skill level 1 in Stealth
     7 | D        | Reached skill level 2 in Stealth
    15 | D        | Reached XP level 2. HP: 12/16 MP: 3/3
   189 | D        | Noticed a crimson imp
   189 | D        | Noticed a howler monkey
   203 | D        | Reached skill level 3 in Stealth
   205 | D        | Killed a howler monkey
   205 | D        | Reached skill level 5 in Stealth
   205 | D        | Reached XP level 3. HP: 20/20 MP: 4/4
   213 | D        | Reached skill level 6 in Stealth
   213 | D        | Gained mutation: Your natural rate of healing is unusually fast. [Vine Stalker growth]
   213 | D        | Reached XP level 4. HP: 18/25 MP: 3/5
   229 | D        | Reached skill level 7 in Stealth
   238 | D        | Found a roughly hewn altar of Beogh.
   238 | D        | Found a snail-covered altar of Cheibriados.
   238 | D        | Found a shadowy altar of Dithmenos.
   238 | D        | Found a white marble altar of Elyvilon.
   238 | D        | Found a blossoming altar of Fedhas.
   238 | D        | Found an opulent altar of Gozag.
   239 | D        | Found a hazy altar of Hepliaklqana.
   240 | D        | Found a viscous altar of Jiyva.
   241 | D        | Found an ancient bone altar of Kikubaaqudgha.
   242 | D        | Found a corrupted altar of Lugonu.
   243 | D        | Found a burning altar of Makhleb.
   244 | D        | Found a sparkling altar of Nemelex Xobeh.
   245 | D        | Found an iron altar of Okawaru.
   246 | D        | Found a stormy altar of Qazlal.
   247 | D        | Found a sacrificial altar of Ru.
   248 | D        | Found a deep blue altar of Sif Muna.
   249 | D        | Found a bloodstained altar of Trog.
   250 | D        | Found a hide-covered altar of Uskayaw.
   251 | D        | Found a radiant altar of Vehumet.
   252 | D        | Found a shimmering altar of Xom.
   253 | D        | Found a basalt altar of Yredelemnul.
   254 | D        | Found a glowing silver altar of Zin.
   255 | D        | Found a glowing golden altar of the Shining One.
   258 | D        | Became a worshipper of Uskayaw the Reveler
   305 | D        | Noticed an ogre
   305 | D        | Noticed a bullfrog
   305 | D        | Noticed a water moccasin
   305 | D        | Noticed a bullfrog
   307 | D        | Killed an ogre
   307 | D        | Reached skill level 5 in Short Blades
   307 | D        | Reached skill level 1 in Armour
   307 | D        | Reached skill level 9 in Stealth
   307 | D        | Reached XP level 5. HP: 30/30 MP: 6/6
   307 | D        | Reached * piety under Uskayaw
   309 | D        | Reached ** piety under Uskayaw
   311 | D        | Reached skill level 5 in Fighting
   311 | D        | Reached skill level 5 in Dodging
   311 | D        | Reached XP level 6. HP: 35/35 MP: 7/7
   312 | D        | Reached *** piety under Uskayaw
   313 | D        | Killed a water moccasin
   313 | D        | Reached skill level 10 in Stealth
   313 | D        | Reached **** piety under Uskayaw
   316 | D        | Reached ***** piety under Uskayaw
   317 | D        | Reached skill level 11 in Stealth
   321 | D        | Reached XP level 7. HP: 39/39 MP: 8/8
   330 | D        | Noticed a hornet
   330 | D        | Noticed a rime drake
   330 | D        | Noticed a gargoyle
   332 | D        | Killed a hornet
   334 | D        | Killed a rime drake
   334 | D        | Reached skill level 12 in Stealth
   334 | D        | Gained mutation: You have razor-sharp teeth. [Vine Stalker growth]
   334 | D        | Reached XP level 8. HP: 45/45 MP: 8/12
   341 | D        | Reached ****** piety under Uskayaw
   343 | D        | Reached skill level 5 in Invocations
   352 | D        | Killed a gargoyle
   352 | D        | Reached skill level 5 in Armour
   503 | D        | Noticed a spiny frog
   503 | D        | Noticed a komodo dragon
   511 | D        | Killed a spiny frog
   511 | D        | Reached XP level 9. HP: 29/50 MP: 10/15
   513 | D        | Noticed a six-headed hydra
   519 | D        | Killed a komodo dragon
   519 | D        | Reached skill level 13 in Stealth
   530 | D        | Killed a six-headed hydra
   633 | D        | Noticed a spiny frog
   633 | D        | Noticed a spiny frog
   633 | D        | Noticed a five-headed hydra
   639 | D        | Reached XP level 10. HP: 54/57 MP: 16/18
   643 | D        | Killed a spiny frog
   644 | D        | Killed a spiny frog
   644 | D        | Reached skill level 14 in Stealth
   645 | D        | Killed a five-headed hydra
   645 | D        | Reached skill level 10 in Invocations
   869 | D        | Noticed Eustachio
   880 | D        | Killed Eustachio
   880 | D        | Reached skill level 10 in Short Blades
   880 | D        | Reached XP level 11. HP: 63/63 MP: 20/20
   910 | D        | Noticed Joseph
   917 | D        | Killed Joseph
   917 | D        | Reached skill level 15 in Stealth
  1005 | D        | Noticed an orc sorcerer
  1006 | D        | Noticed an orc sorcerer
  1021 | D        | Killed an orc sorcerer
  1021 | D        | Reached skill level 10 in Fighting
  1026 | D        | Killed an orc sorcerer
  1084 | D        | Found Qokeg's Armour Emporium.
  1084 | D        | Noticed an orc sorcerer
  1085 | D        | Noticed an orc knight
  1090 | D        | Noticed an orc sorcerer
  1091 | D        | Killed an orc sorcerer
  1092 | D        | Found Geseriur's Weapon Shoppe.
  1092 | D        | Noticed an orc high priest
  1107 | D        | Killed an orc sorcerer
  1108 | D        | Noticed an orc sorcerer
  1108 | D        | Found Gulalu's Book Emporium.
  1111 | D        | Noticed a sun demon
  1111 | D        | Killed an orc knight
  1116 | D        | Noticed a soul eater
  1119 | D        | Killed an orc high priest
  1120 | D        | Killed an orc sorcerer
  1120 | D        | Reached skill level 10 in Dodging
  1120 | D        | Found Biwkoch's Magic Scroll Shoppe.
  1120 | D        | Noticed an orc high priest
  1121 | D        | Noticed an orc sorcerer
  1123 | D        | Noticed an orc knight
  1128 | D        | Noticed a sixfirhy
  1137 | D        | HP: 2/64 [sixfirhy[an orc high priest] (7)]
  1137 | D        | Slain by a sixfirhy

Vault maps used:
D:        linesprint

Skill      XL: |  1  2  3  4  5  6  7  8  9 10 11 |
---------------+----------------------------------+-----
Fighting       | 2 3 4 5 6 7 8 9 10 | 10.5
Stealth        | 2 5 6 9 11 12 13 14 15 | 15.9
Short Blades   | 3 4 5 6 7 8 10 | 10.9
Dodging        | 3 4 5 6 7 8 9 10 | 10.0
Armour         | 1 2 3 4 5 6 7 8 |  8.9
Invocations    | 4 6 9 11 13 | 13.1
Throwing       | |  1.7

Action                   |  1- 3 |  4- 6 |  7- 9 | 10-12 || total
-------------------------+-------+-------+-------+-------++-------
Melee: Rapier            |    31 |    27 |    52 |   164 ||   274
       Bite              |     5 |     9 |    27 |    71 ||   112
Invok: Grand Finale      |       |       |       |     1 ||     1
  Use: Potion            |     1 |       |       |     1 ||     2
       Scroll            |       |       |     4 |       ||     4
 Stab: Sleeping          |     1 |     1 |     4 |     3 ||     9
       Paralysed         |       |     2 |     6 |     8 ||    16
  Eat: Chunk             |       |       |       |     1 ||     1
Armor: Leather armour    |     5 |     6 |       |       ||    11
       Ring mail         |       |     4 |    17 |    39 ||    60
Dodge: Dodged            |    21 |    19 |    45 |    75 ||   160
